 Dungeon Crawl Stone Soup version 0.19.1-1-g22dce08 (webtiles) character file.

56923 Haldmier the Martial Artist (level 14, -17/75 HPs)
             Began as a Vine Stalker Transmuter on Jan 2, 2017.
             Was the Champion of Makhleb.
             Shot with a bolt by a yaktaur captain (28 damage)
             ... on level 13 of the Dungeon on Jan 3, 2017.
             The game lasted 02:31:44 (24867 turns).

Haldmier the Martial Artist (VSTm)                 Turns: 24867, Time: 02:31:45

Health: -17/75     AC:  6    Str: 13    XL:     14   Next: 83%
Magic:  0/22       EV: 17    Int: 19    God:    Makhleb [******]
Gold:   1187       SH:  9    Dex: 16    Spells: 6 memorised, 2 levels left

rFire  . . .     SeeInvis .       - Unarmed
rCold  . . .     Gourm    .     M - +1 robe {MR+}
rNeg   + . .     Faith    .     p - +2 buckler
rPois  +         Spirit   +     (no helmet)
rElec  .         Reflect  +     E - +0 cloak {rPois}
rCorr  .         Harm     .     y - +0 pair of gloves
MR     ++...                    x - +0 pair of boots
Stlth  +++.......               V - +2 amulet of reflection
                                S - +4 ring of slaying
                                T - ring of positive energy

@: appendage, studying Unarmed Combat
A: fangs 3, horns 2, clever 1, regeneration 2, magic shield, antimagic bite, no
device heal 3, rot immunity
a: End Transformation, Minor Destruction, Lesser Servant of Makhleb, Major
Destruction, Greater Servant of Makhleb, Renounce Religion


You were on level 13 of the Dungeon.
You worshipped Makhleb.
Makhleb was exalted by your worship.
You were not hungry.
You had grown temporary horns.
You visited 4 branches of the dungeon, and saw 22 of its levels.
You also visited: Ice Cave.

You collected 2907 gold pieces.
You spent 1720 gold pieces at shops.

Inventory:

Missiles
 a - 259 arrows
 b - 3 throwing nets
 v - 42 tomahawks (quivered)
Armour
 f - a +2 robe of fire resistance
 p - a +2 buckler (worn)
 x - a +0 pair of boots (worn)
 y - a +0 pair of gloves (worn)
 E - a +0 cloak of poison resistance (worn)
 M - a +1 robe of magic resistance (worn)
Jewellery
 m - an uncursed ring of protection from magic {unknown}
 Q - an uncursed ring of protection from cold
 S - a +4 ring of slaying (right hand)
 T - a ring of positive energy (left hand)
 V - a +2 amulet of reflection (around neck)
Wands
 t - a wand of lightning (3/15)
 A - a wand of teleportation (7/9)
 J - a wand of polymorph (12/24)
 N - a wand of slowing (17/48)
 R - a wand of iceblast (9/15)
Scrolls
 j - 3 scrolls of fear
 k - 2 scrolls of fog
 q - 7 scrolls of remove curse
 B - a scroll of magic mapping
 U - 4 scrolls of teleportation
 X - 4 scrolls of blinking
Potions
 e - 6 potions of curing
 g - 5 potions of lignification
 o - a potion of resistance
 z - a potion of invisibility
 D - 4 potions of berserk rage
 G - 4 potions of haste
 H - a potion of cancellation
 K - 3 potions of agility
 P - 2 potions of magic
 Y - a potion of might
Books
 i - a manual of Unarmed Combat
Miscellaneous
 c - a phial of floods
Comestibles
 d - 10 bread rations
 h - 11 meat rations
 l - 4 chunks of flesh
 u - 8 beef jerkies
 w - 27 fruits
 L - 5 slices of pizza


   Skills:
 + Level 9.5 Fighting
 + Level 6.8 Dodging
 - Level 4.0 Stealth
 - Level 4.0 Shields
 * Level 14.5 Unarmed Combat
 - Level 5.0 Spellcasting
 * Level 12.8 Transmutations
 - Level 3.5 Ice Magic
 + Level 1.1 Earth Magic
 - Level 2.0 Poison Magic
 - Level 4.0 Invocations
 - Level 5.0 Evocations


You had 2 spell levels left.
You knew the following spells:

 Your Spells              Type           Power        Failure   Level  Hunger
a - Beastly Appendage     Tmut           ######       1%          1    None
b - Sticks to Snakes      Tmut           ######..     1%          2    #......
c - Spider Form           Tmut/Pois      ####......   1%          3    ##.....
d - Ice Form              Ice/Tmut       #####...     6%          4    ####...
e - Blade Hands           Tmut           ######....   1%          5    ######.
f - Statue Form           Tmut/Erth      ####.....    93%         6    #######


Dungeon Overview and Level Annotations

Branches:
Dungeon (13/15)            Temple (1/1) D:5            Lair (6/6) D:8
 Shoals (0/4) Lair:4       Spider (0/4) Lair:3        Slime (0/5) Lair:5
    Orc (2/2) D:12            Elf (0/3) Orc:2
 Vaults: D:13-14

Altars:
Ashenzari
Cheibriados
Dithmenos
Elyvilon
Fedhas
Gozag
Hepliaklqana
Kikubaaqudgha
Makhleb
Nemelex Xobeh
Okawaru
Qazlal
Ru
Sif Muna
Trog
Uskayaw
Vehumet
Xom
Yredelemnul
Zin
The Shining One
Beogh
Jiyva

Shops:
D:7 ((*   D:9 }   Orc:2 ??*(

Annotations:
Lair:5 1 runed door
Orc:1 Area in SE, mapping?


Innate Abilities, Weirdness & Mutations

You have razor-sharp teeth.
You heal very quickly.
When hurt, damage is shared between your health and your magic reserves.
Your bite disrupts and absorbs the magic of your enemies.
Potions and wands cannot restore your health.
You are immune to rotting.
You have a pair of horns on your head.
Your mind is acute. (Int +2)


Message History

You block the yaktaur captain's attack.
You punch the yaktaur captain! You headbutt the yaktaur captain.
You bite the yaktaur captain, but do no damage.
The yaktaur captain is severely wounded.
The yaktaur captain hits you!!
You take 18 damage, and have 33/75 hp.
MASSIVE DAMAGE!!
You now have 14/22 mp.
You punch the yaktaur captain!
You bite the yaktaur captain, but do no damage.
The yaktaur captain is almost dead.
The yaktaur captain hits you!!
* * * LOW HITPOINT WARNING * * *
You take 15 damage, and have 18/75 hp.
You now have 8/22 mp.
Casting: Beastly Appendage
Confirm with . or Enter, or press ? or * to list all spells.
You create a snake!
You now have 259 arrows.
The yaktaur captain hits you!
* * * LOW HITPOINT WARNING * * *
You take 8 damage, and have 10/75 hp.
You now have 2/22 mp.
The yaktaur captain wields an uncursed arbalest.
The yaktaur captain shoots a bolt.
The bolt hits you!!
You die...

....(.(...####...#....#...#
.............#.PP≈....####≈
.............#P..≈P......♣P
............P≈P≈P≈P.....P≈≈
##..........P≈≈♣≈≈≈≈≈.##♣♣≈
#.........P≈≈♣♣♣♣≈≈..".♣♣≈
#......)c)P≈≈♣ ♣≈≈P...#♣♣
...########'#S≈♣♣♣♣♣♣PP...##)
............@.≈≈♣≈♣≈≈≈.......
...............≈≈≈≈PP........
...............≈P≈P..........
...............P.............
................##########...
........(.......# #...
#############...# #... #...#
#... #...##########...


You could see a yaktaur captain and a friendly adder.

Vanquished Creatures
  An ettin (Orc:1)
  2 ice dragons (IceCv)
  2 catoblepae (Lair:6)
  10 death yaks
  2 orc high priests (Orc:2)
  Nergalle (Orc:1)
  2 unseen horrors
  4 hill giants
  A deep elf mage (D:8)
  Pikel (D:8)
  A faun (Lair:3)
  An orc knight (Orc:1)
  7 orc sorcerers (Orc:2)
  A manticore (D:12)
  2 ice statues (IceCv)
  An ugly thing (D:9)
  A cyclops (Orc:2)
  Joseph (D:9)
  A siren (Lair:4)
  4 black mambas
  Psyche (D:9)
  A gargoyle (D:10)
  5 spiny frogs
  8 komodo dragons
  4 rime drakes
  2 yaktaurs (D:13)
  5 trolls
  18 blink frogs
  A hornet (D:11)
  9 hippogriffs
  A wraith (D:11)
  A spriggan (Lair:1)
  2 wyverns
  28 yaks
  Grum (D:8)
  4 basilisks
  2 hungry ghosts
  5 wargs
  Menkaure (D:5)
  A vampire mosquito (D:12)
  A mottled dragon (D:12)
  A soldier ant (D:12)
  8 water moccasins
  10 porcupines
  26 orc warriors
  Duvessa (D:4)
  4 black bears
  A hornet zombie (D:10)
  24 ice beasts
  A necrophage (D:12)
  A phantom (D:11)
  2 sky beasts
  A slave (D:8)
  6 ogres
  7 wolves
  8 centaurs
  7 crocodiles
  2 big kobolds
  A gnoll sergeant (D:10)
  13 bullfrogs
  A wyvern zombie (D:10)
  3 scorpions
  Dowan (D:4)
  5 wights (D:6)
  8 howler monkeys
  2 electric eels
  A bullfrog zombie (D:5)
  6 crimson imps
  2 centaur zombies
  2 jellies
  Crazy Yiuf (D:7)
  7 hounds
  31 orc wizards
  5 centaur skeletons
  17 orc priests
  A bullfrog skeleton (D:5)
  Jessica (D:2)
  2 iguanas
  4 worker ants
  2 hound zombies
  A hound skeleton (D:8)
  2 worker ant zombies
  12 adders
  8 gnolls
  2 oozes (D:2)
  4 worms
  6 leopard geckos
  96 orcs
  9 bats
  4 giant cockroaches
  6 hobgoblins
  13 jackals
  10 kobolds
  6 quokkas
  2 ball pythons
  5 frilled lizards
  9 goblins
  A leopard gecko zombie (D:6)
  7 rats
  10 plants (Lair:1)
586 creatures vanquished.

Vanquished Creatures (collateral kills)
  A hydra (Lair:5)
  Harold (D:10)
  A catoblepas (Lair:6)
  An ugly thing (D:11)
  2 spiny frogs
  Prince Ribbit (D:7)
  3 blink frogs
  A howler monkey (D:5)
  A hound (D:5)
  A worm (D:2)
  A hobgoblin (D:2)
  A kobold (D:1)
15 creatures vanquished.

Vanquished Creatures (others)
  An orc wizard (Orc:2)
  An orc (D:8)
  2 fungi
  6 plants (Lair:6)
10 creatures vanquished.

Grand Total: 611 creatures vanquished

Notes
Turn   | Place    | Note
-------+----------+-------------------------------------------
     0 | D:1      | Haldmier the Vine Stalker Transmuter began the quest for the Orb.
     0 | D:1      | Reached XP level 1. HP: 9/9 MP: 4/4
   294 | D:1      | Reached XP level 2. HP: 14/14 MP: 4/6
   333 | D:1      | Reached skill level 1 in Fighting
   512 | D:2      | Learned a level 2 spell: Sticks to Snakes
   817 | D:2      | Found a faded altar of an unknown god.
   963 | D:2      | Found a shimmering altar of Xom.
  1135 | D:2      | Reached XP level 3. HP: 11/18 MP: 3/7
  1515 | D:2      | Reached skill level 4 in Unarmed Combat
  1653 | D:2      | Learned a level 3 spell: Spider Form
  1763 | D:2      | Noticed Jessica
  1832 | D:2      | Killed Jessica
  1832 | D:2      | Gained mutation: Your natural rate of healing is unusually fast. [Vine Stalker growth]
  1832 | D:2      | Reached XP level 4. HP: 22/22 MP: 4/8
  2061 | D:2      | Reached skill level 1 in Poison Magic
  2117 | D:2      | Found an iron altar of Okawaru.
  2251 | D:3      | Reached XP level 5. HP: 19/26 MP: 4/9
  3160 | D:4      | Reached skill level 5 in Unarmed Combat
  3231 | D:4      | Reached XP level 6. HP: 22/30 MP: 8/10
  3351 | D:4      | Noticed Dowan
  3827 | D:4      | Noticed Duvessa
  3960 | D:5      | Entered Level 5 of the Dungeon
  3977 | D:5      | Found a shadowy altar of Dithmenos.
  4054 | D:5      | Noticed a sky beast
  4071 | D:5      | Killed a sky beast
  4071 | D:5      | Reached skill level 6 in Unarmed Combat
  4071 | D:5      | Reached XP level 7. HP: 15/35 MP: 4/11
  4459 | D:5      | Got a translucent shield
  4467 | D:5      | Found a shattered altar of Ashenzari.
  4467 | D:5      | Noticed Menkaure
  4539 | D:5      | Found a shimmering altar of Xom.
  4872 | D:5      | Found a staircase to the Ecumenical Temple.
  4877 | Temple   | Entered the Ecumenical Temple
  4911 | Temple   | Became a worshipper of Makhleb the Destroyer
  4987 | Temple   | Identified the +0 shield of the Peasants {Int+7 Dex-2} (You found it on level 5 of the Dungeon)
  5146 | D:5      | Reached skill level 7 in Unarmed Combat
  5150 | D:5      | Gained mutation: You have razor-sharp teeth. [Vine Stalker growth]
  5150 | D:5      | Reached XP level 8. HP: 37/40 MP: 8/12
  5435 | D:4      | Killed Dowan
  5447 | D:4      | Killed Duvessa
  5778 | D:1      | Reached * piety under Makhleb
  6211 | D:6      | Reached skill level 8 in Unarmed Combat
  6211 | D:6      | Reached skill level 5 in Transmutations
  6515 | D:6      | Reached XP level 9. HP: 31/46 MP: 5/13
  6754 | D:7      | Found a runed door.
  6760 | D:7      | Noticed Crazy Yiuf
  6767 | D:7      | Killed Crazy Yiuf
  6862 | D:7      | Reached skill level 5 in Fighting
  6878 | D:7      | Found Weheuppyrgh's Weapon Emporium.
  6891 | D:7      | Reached skill level 9 in Unarmed Combat
  6931 | D:7      | Found Gelaec's Weapon Boutique.
  6947 | D:7      | Noticed Prince Ribbit
  6959 | D:7      | Killed Prince Ribbit
  7179 | D:7      | Reached ** piety under Makhleb
  7253 | D:7      | Found Kileun's General Store.
  7636 | D:5      | Killed Menkaure
  7831 | D:8      | Noticed Pikel
  7844 | D:8      | Killed Pikel
  7844 | D:8      | Reached skill level 1 in Stealth
  7844 | D:8      | Reached skill level 1 in Invocations
  7878 | D:8      | Noticed Grum
  7895 | D:8      | Reached skill level 10 in Unarmed Combat
  7895 | D:8      | Reached XP level 10. HP: 48/53 MP: 10/14
  7951 | D:8      | Found a staircase to the Lair.
  8198 | D:8      | Found a sacrificial altar of Ru.
  8203 | D:8      | Noticed a deep elf mage
  8232 | Lair:1   | Entered Level 1 of the Lair of Beasts
  8290 | D:8      | Killed a deep elf mage
  8307 | D:8      | Got a fine spear
  8329 | D:8      | Killed Grum
  8547 | D:8      | Found a glowing golden altar of the Shining One.
  8548 | D:8      | Found a white marble altar of Elyvilon.
  8548 | D:8      | Found a snail-covered altar of Cheibriados.
  8550 | D:8      | Found a hide-covered altar of Uskayaw.
  8550 | D:8      | Found an opulent altar of Gozag.
  8994 | Lair:1   | Noticed a spiny frog
  9018 | Lair:1   | Killed a spiny frog
  9186 | D:8      | Learned a level 4 spell: Ice Form
  9212 | D:9      | Found Avilenle's Gadget Boutique.
  9293 | D:9      | Noticed Psyche
  9320 | D:9      | Killed Psyche
  9350 | D:9      | Noticed Joseph
  9460 | D:9      | Found a sparkling altar of Nemelex Xobeh.
  9746 | D:9      | Noticed a white ugly thing
 10065 | D:9      | Reached *** piety under Makhleb
 10187 | D:10     | Entered Level 10 of the Dungeon
 10187 | D:10     | Noticed a hill giant
 10208 | D:10     | Killed a hill giant
 10208 | D:10     | Reached skill level 1 in Ice Magic
 10208 | D:10     | Reached skill level 1 in Evocations
 10208 | D:10     | Reached XP level 11. HP: 34/58 MP: 1/17
 10844 | D:9      | Learned a level 5 spell: Blade Hands
 10893 | D:10     | Noticed Harold
 11032 | Lair:1   | Identified the +0 spear of Peril {freeze, Str+3 Int+3 Stlth+} (You found it on level 8 of the Dungeon)
 11833 | Lair:2   | Got a translucent iron amulet
 11834 | Lair:2   | Identified the amulet "Sufununeu" {Harm *Drain Str+4 Stlth+} (You found it on level 2 of the Lair of Beasts)
 11861 | Lair:2   | Found a hide-covered altar of Uskayaw.
 11979 | Lair:2   | Reached skill level 11 in Unarmed Combat
 12825 | Lair:3   | Noticed a faun
 12847 | Lair:3   | Killed a faun
 12859 | Lair:3   | Identified the Incunabulum of Changing and Venom
 13052 | Lair:3   | Reached **** piety under Makhleb
 13239 | Lair:2   | Gained mutation: You heal very quickly. [Vine Stalker growth]
 13239 | Lair:2   | Reached XP level 12. HP: 49/63 MP: 12/19
 13366 | Lair:3   | Found a hole to the Spider Nest.
 13600 | Lair:4   | Found a frozen archway.
 13812 | IceCv    | Entered an ice cave
 14015 | IceCv    | Reached skill level 10 in Transmutations
 14076 | IceCv    | Reached skill level 12 in Unarmed Combat
 14179 | IceCv    | Noticed an ice dragon
 14179 | IceCv    | Noticed an ice dragon
 14230 | IceCv    | Killed an ice dragon
 14433 | IceCv    | Killed an ice dragon
 14830 | Lair:4   | Found a staircase to the Shoals.
 15167 | Lair:4   | Reached skill level 5 in Dodging
 15596 | Lair:5   | Found a runed door.
 15596 | Lair:5   | Found a viscous altar of Jiyva.
 15596 | Lair:5   | Found a staircase to the Slime Pits.
 15596 | Lair:5   | Noticed an azure jelly
 15596 | Lair:5   | Noticed an azure jelly
 15761 | Lair:5   | Reached ***** piety under Makhleb
 15782 | Lair:5   | Reached XP level 13. HP: 68/68 MP: 9/20
 16098 | Lair:6   | Entered Level 6 of the Lair of Beasts
 16319 | Lair:6   | Identified a scroll of acquirement
 16851 | Lair:6   | Reached skill level 5 in Evocations
 16985 | Lair:6   | Reached skill level 1 in Shields
 17229 | Lair:6   | Reached skill level 13 in Unarmed Combat
 18444 | Lair:6   | Identified the Grimoire of Entrancing Transmigration
 18880 | D:9      | Killed Joseph
 19128 | D:10     | Killed Harold
 19128 | D:10     | Reached XP level 14. HP: 65/74 MP: 10/21
 21002 | D:12     | Found a staircase to the Orcish Mines.
 21532 | Orc:1    | Entered Level 1 of the Orcish Mines
 21584 | Orc:1    | Noticed Nergalle
 21596 | Orc:1    | Killed Nergalle
 21596 | Orc:1    | Reached skill level 14 in Unarmed Combat
 21835 | Orc:2    | Entered Level 2 of the Orcish Mines
 21900 | Orc:2    | Reached ****** piety under Makhleb
 21941 | Orc:2    | Found a staircase to the Elven Halls.
 22124 | Orc:1    | Found a roughly hewn altar of Beogh.
 23116 | Orc:2    | Paralysed by an orc sorcerer for 4 turns
 23341 | Orc:2    | Reached skill level 5 in Spellcasting
 23507 | Orc:2    | Found Xubetogg's Magic Scroll Shoppe.
 23507 | Orc:2    | Found Qotetih's Assorted Antiques.
 23508 | Orc:2    | Found Bemen's Weapon Emporium.
 23511 | Orc:2    | Found Leud's Magic Scroll Shoppe.
 23519 | Orc:2    | Bought a viscous emerald potion for 27 gold pieces
 23538 | Orc:2    | Gained mutation: Your mind is acute. (Int +2) [potion of beneficial mutation]
 23542 | Orc:2    | Bought 2 scrolls of blinking for 240 gold pieces
 23543 | Orc:2    | Bought a scroll of blinking for 97 gold pieces
 23641 | Orc:2    | Found a runed door.
 24134 | Orc:2    | Found a roughly hewn altar of Beogh.
 24212 | Orc:2    | Bought a scroll of identify for 32 gold pieces
 24469 | Lair:1   | Learned a level 6 spell: Statue Form
 24550 | D:7      | Bought a manual of Unarmed Combat for 1324 gold pieces
 24848 | D:13     | Reached skill level 1 in Earth Magic
 24867 | D:13     | Shot with a bolt by a yaktaur captain

Skill      XL: |  1  2  3  4  5  6  7  8  9 10 11 12 13 14 |
---------------+-------------------------------------------+-----
Fighting       | 1 2 3 4 5 6 7 8 9 |  9.5
Unarmed Combat | 4 5 6 7 8 10 11 12 13 14 | 14.5
Poison Magic   | 1 2 |  2.0
Transmutations | 3 4 5 6 7 9 10 11 12 | 12.8
Stealth        | 1 4 |  4.0
Invocations    | 1 3 4 |  4.0
Dodging        | 2 3 4 5 6 |  6.8
Spellcasting   | 3 4 5 |  5.0
Ice Magic      | 1 3 |  3.5
Evocations     | 1 3 4 5 |  5.0
Shields        | 2 4 |  4.0
Earth Magic    | 1 |  1.1

Action                   |  1- 3 |  4- 6 |  7- 9 | 10-12 | 13-15 || total
-------------------------+-------+-------+-------+-------+-------++-------
Melee: Unarmed           |    86 |   232 |   283 |   821 |   751 ||  2173
       Kick              |     9 |    39 |    18 |    31 |       ||    97
       Bite              |    13 |    57 |    40 |   154 |   140 ||   404
       Headbutt          |     5 |    13 |    14 |    67 |    40 ||   139
       Punch             |       |     2 |     7 |    27 |    11 ||    47
Throw: Tomahawk          |       |       |     1 |     5 |     1 ||     7
 Cast: Beastly Appendage |    22 |    40 |    35 |    65 |    37 ||   199
       Sticks to Snakes  |     3 |     8 |    18 |    18 |    25 ||    72
       Spider Form       |     1 |     1 |    15 |    38 |    25 ||    80
       Ice Form          |       |       |       |     9 |     7 ||    16
       Blade Hands       |       |       |       |     3 |    26 ||    29
Invok: Lesser Servant of |       |       |       |     5 |    10 ||    15
 Abil: End Transformatio |       |       |       |     4 |     1 ||     5
Evoke: Wand              |       |       |       |     2 |     4 ||     6
  Use: Scroll            |       |       |    20 |     9 |    11 ||    40
       Potion            |       |       |       |     2 |     1 ||     3
 Stab: Sleeping          |     1 |       |       |     9 |    11 ||    21
       Distracted        |       |       |     3 |     1 |     5 ||     9
       Invisible         |       |       |       |     2 |       ||     2
  Eat: Chunk             |     4 |     9 |    12 |    31 |    37 ||    93
       Pizza             |       |       |     2 |     2 |     3 ||     7
       Royal jelly       |       |       |       |     1 |     1 ||     2
Armor: Robe              |    24 |    24 |    27 |    52 |    46 ||   173
       Skin              |       |       |     6 |    23 |    12 ||    41
Dodge: Dodged            |    43 |   135 |   177 |   413 |   417 ||  1185
Block: Buckler           |       |       |       |       |    49 ||    49
       Reflection        |       |       |       |       |     4 ||     4
       Other             |       |       |       |       |     3 ||     3
